 Dungeon Crawl Stone Soup version 0.20.0 (webtiles) character file.

508 MatthieuS the Grave Robber (level 7, 0/61 HPs)
             Began as a Hill Orc Necromancer on Aug 16, 2017.
             Slain by a redback (2 damage)
             ... on level 4 of the Dungeon.
             The game lasted 00:18:40 (5641 turns).

MatthieuS the Grave Robber (Hill Orc Necromancer)   Turns: 5641, Time: 00:18:40

Health: 0/61       AC: 10    Str: 16    XL:     7   Next: 18%
Magic:  10/12      EV: 11    Int: 17    God:
Gold:   232        SH:  0    Dex: 11    Spells: 0/12 levels left

rFire    + . .     SeeInvis .   y - +1 trident (vamp)
rCold    + . .     Gourm    .   (no shield)
rNeg     . . .     Faith    .   s - +4 ring mail {rC+}
rPois    .         Spirit   .   (no helmet)
rElec    .         Reflect  .   (no cloak)
rCorr    .         Harm     .   n - +0 pair of gloves
MR       .....                  (no boots)
Stlth    +.........             (no amulet)
Regen    1.2/turn               q - ring of protection from fire
MPRegen  0.2/turn               (no ring)

@: mighty, very slightly contaminated, regenerating (expiring)
A: no striking features
a: no special abilities


You were on level 4 of the Dungeon.
You were not hungry.

You visited 1 branch of the dungeon, and saw 5 of its levels.

You collected 232 gold pieces.

Inventory:

Hand Weapons
 a - a +4 dagger of freezing
 w - a +0 hand axe
 y - a +1 vampiric trident (weapon)
Armour
 h - a +0 shield
 n - a +0 pair of gloves (worn)
 p - a +0 ring mail
 s - a +4 ring mail of cold resistance (worn)
Magical Staves
 u - an uncursed staff of power
Jewellery
 q - a ring of protection from fire (left hand)
Wands
 o - a wand of digging (6/24)
 r - a wand of polymorph (3/24)
Scrolls
 d - 3 scrolls of teleportation
 f - 2 scrolls of amnesia
 l - a scroll of remove curse
 m - a scroll of magic mapping {unknown}
 x - 2 scrolls of recharging
Potions
 g - a potion of heal wounds {unknown}
 t - a potion of mutation {unknown}
Books
 b - a book of Necromancy

   Spells                             Type                      Level
   a - Pain                           Necromancy                   1
   b - Animate Skeleton               Necromancy                   1
   c - Vampiric Draining              Necromancy                   3
   d - Regeneration                   Charms/Necromancy            3
   e - Animate Dead                   Necromancy                   4
   f - Control Undead                 Necromancy                   4
Comestibles
 c - 2 bread rations
 j - 2 meat rations


   Skills:
 + Level 5.1 Fighting
 - Level 1.5 Dodging
 - Level 1.5 Stealth
 + Level 3.4 Spellcasting
 + Level 5.8 Necromancy


You couldn't memorise any spells.
You knew the following spells:

 Your Spells              Type           Power        Failure   Level  Hunger
a - Pain                  Necr           ###.         3%          1    None
b - Animate Skeleton      Necr           N/A          3%          1    None
c - Vampiric Draining     Necr           ###.......   9%          3    ###....
d - Animate Dead          Necr           N/A          28%         4    ####...
e - Regeneration          Chrm/Necr      ##........   28%         3    ###....


Dungeon Overview and Level Annotations

Branches:
Dungeon (5/15)
 Temple: D:4-7

Altars:

Annotations:
D:5 Blork the orc, Eustachio


Message History

The redback bites you!
* * * LOW HITPOINT WARNING * * *
You feel better.
Your skin is crawling a little less now.
The redback barely misses you. The redback bites you.
* * * LOW HITPOINT WARNING * * *
You barely miss the redback.
The redback is heavily wounded.
The redback barely misses you. The redback closely misses you.
You puncture the redback!
You feel better.
The redback is almost dead.
The redback bites you!
* * * LOW HITPOINT WARNING * * *
The redback barely misses you.
You barely miss the redback.
The redback is almost dead.
The redback bites you!
* * * LOW HITPOINT WARNING * * *
The redback bites you.
You die...

# #......(.##..####.... #
#####.....########'## #
#.)...#..........
#.....#..........
#.(...#..........
#################.....##...###...
.......................#.[>###...
................s......#.........
................@......#.........
.......................#.........
................)......#.........
.......................#.........
.......................#.........
.........................######'#
#######'##.....##########..>.....
.........#.....# #.)......
.........#.....# #........


You could see a redback.

Vanquished Creatures
  A scorpion (D:4)
  A howler monkey (D:4)
  A hound (D:5)
  An orc priest (D:3)
  A centaur skeleton (D:4)
  Jessica (D:2)
  Ijyb (D:3)
  4 gnolls (D:5)
  9 adders
  2 oozes
  4 worms
  3 dart slugs
  2 leopard geckos
  26 orcs
  7 bats
  3 giant cockroaches
  8 goblins
  12 hobgoblins
  8 jackals (D:3)
  7 quokkas
  A ball python (D:2)
  4 frilled lizards
  A jackal skeleton (D:5)
  9 kobolds
  13 rats
130 creatures vanquished.

Vanquished Creatures (collateral kills)
  A ball python (D:3)
1 creature vanquished.

Grand Total: 131 creatures vanquished

Notes
Turn   | Place    | Note
-------+----------+-------------------------------------------
     0 | D:1      | MatthieuS the Hill Orc Necromancer began the quest for the Orb.
     0 | D:1      | Reached XP level 1. HP: 14/14 MP: 3/3
    95 | D:1      | Reached XP level 2. HP: 20/22 MP: 2/4
   239 | D:1      | Reached skill level 1 in Fighting
   845 | D:1      | Reached XP level 3. HP: 20/28 MP: 1/6
  1560 | D:2      | Reached XP level 4. HP: 29/37 MP: 3/7
  1997 | D:2      | Noticed Jessica
  2004 | D:2      | Killed Jessica
  2117 | D:2      | Reached XP level 5. HP: 43/45 MP: 4/8
  2136 | D:2      | Learned a level 1 spell: Animate Skeleton
  2140 | D:2      | Learned a level 3 spell: Vampiric Draining
  2384 | D:3      | Noticed Ijyb
  2848 | D:3      | Learned a level 4 spell: Animate Dead
  2878 | D:3      | Killed Ijyb
  3150 | D:3      | Reached skill level 5 in Necromancy
  3487 | D:3      | Reached XP level 6. HP: 46/52 MP: 10/10
  4754 | D:4      | Reached XP level 7. HP: 60/60 MP: 11/11
  4990 | D:5      | Entered Level 5 of the Dungeon
  4990 | D:5      | Noticed Eustachio
  4990 | D:5      | Noticed Blork the orc
  5257 | D:4      | Learned a level 3 spell: Regeneration
  5350 | D:5      | Reached skill level 5 in Fighting
  5447 | D:5      | Noticed a two-headed ogre
  5629 | D:4      | Noticed a redback
  5629 | D:4      | a two-headed ogre changed into a redback
  5641 | D:4      | HP: 2/61 [redback (10)]
  5641 | D:4      | Slain by a redback

Skill      XL: |  1  2  3  4  5  6  7 |
---------------+----------------------+-----
Fighting       | 1 2 3 4 5 |  5.1
Spellcasting   | 2 3 |  3.4
Necromancy     | 5 |  5.8
Dodging        | |  1.5
Stealth        | |  1.5

Action                   |  1- 3 |  4- 6 |  7- 9 || total
-------------------------+-------+-------+-------++-------
Melee: Dagger            |    48 |   119 |     3 ||   170
       Unarmed           |       |     7 |       ||     7
       Trident           |       |    32 |    74 ||   106
 Cast: Pain              |    41 |    99 |     6 ||   146
       Animate Skeleton  |       |     5 |     3 ||     8
       Regeneration      |       |       |     1 ||     1
Evoke: Wand              |       |       |     1 ||     1
  Use: Scroll            |       |     7 |     1 ||     8
       Potion            |       |     2 |     3 ||     5
 Stab: Sleeping          |     1 |     1 |     1 ||     3
  Eat: Chunk             |     3 |     9 |     3 ||    15
       Royal jelly       |       |     3 |       ||     3
       Bread ration      |       |       |     1 ||     1
Armor: Robe              |     2 |       |       ||     2
       Leather armour    |     5 |    17 |       ||    22
       Ring mail         |       |    67 |    35 ||   102
       Skin              |       |     2 |       ||     2
Dodge: Dodged            |    36 |   113 |    45 ||   194
Block: Shield            |       |     7 |    14 ||    21
